 Dungeon Crawl Stone Soup version 0.25-a0-294-gea9b1ad378 (webtiles) character file.

Game seed: 3468971668034617067, levelgen mode: deterministic

8827 MoonlitKnight the Thaumaturge (level 11, 0/85 HPs)
             Began as a Gnoll Skald on Dec 18, 2019.
             Was a High Priest of Okawaru.
             Slain by a basilisk (5 damage)
             ... while petrified by a basilisk
             ... on level 1 of the Lair of Beasts.
             The game lasted 00:26:54 (10898 turns).

MoonlitKnight the Thaumaturge (Gnoll Skald)        Turns: 10898, Time: 00:26:55

Health: 0/85       AC: 13    Str: 15    XL:     11   Next: 36%
Magic:  22/23      EV:  2    Int: 19    God:    Okawaru [*****.]
Gold:   545        SH:  0    Dex: 16    Spells: 16/26 levels left

rFire    . . .     SeeInvis .   a - +2 whip (venom)
rCold    . . .     Gourm    .   T - +0 shield
rNeg     + + +     Faith    .   A - +3 scale mail {MR+}
rPois    ∞         Spirit   .   G - +1 hat {Int+3}
rElec    .         Reflect  .   p - +0 cloak
rCorr    .         Harm     .   (no gloves)
MR       +....                  (no boots)
Stlth    ++........             J - amulet of regeneration
HPRegen  0.64/turn              o - ring of poison resistance
MPRegen  0.18/turn              s - +4 ring of slaying

@: petrified
A: distributed training, fangs 1, strong nose
a: Heroism, Finesse, Renounce Religion


You were on level 1 of the Lair of Beasts.
You worshipped Okawaru.
Okawaru was extremely pleased with you.
You were hungry.

You visited 3 branches of the dungeon, and saw 12 of its levels.
You also visited: Bailey.

You collected 545 gold pieces.

Inventory:

Hand Weapons
 a - a +2 whip of venom (weapon)
 b - a +1 hand crossbow of freezing
 m - a +0 hunting sling
 H - a +0 spear
Missiles
 w - 2 atropa-tipped darts
 B - 68 poisoned darts (quivered)
 E - 84 bolts
Armour
 p - a +0 cloak (worn)
 A - a +3 scale mail of magic resistance (worn)
 G - a +1 hat of intelligence (worn)
 T - a +0 shield (worn)
Jewellery
 h - a cursed amulet of inaccuracy {unknown}
 o - a ring of poison resistance (left hand)
 s - a +4 ring of slaying (right hand)
 I - a cursed ring of see invisible {unknown}
 J - an amulet of regeneration (around neck)
 L - an uncursed amulet of faith {unknown}
 R - an uncursed ring of stealth {unknown}
Wands
 c - a wand of polymorph (5)
 v - a wand of scattershot (6)
 y - a wand of disintegration (34)
 V - a wand of random effects (24)
Scrolls
 e - 2 scrolls of remove curse
 g - 3 scrolls of fear
 j - 5 scrolls of identify
 k - 3 scrolls of amnesia
 l - 4 scrolls of teleportation
 n - 3 scrolls of fog
 D - a scroll of noise
 M - 2 scrolls of magic mapping {unknown}
 O - a scroll of vulnerability {unknown}
 Q - a scroll of enchant armour
 U - a scroll of acquirement {unknown}
Potions
 f - 2 potions of haste {unknown}
 i - a potion of might {unknown}
 q - 2 potions of invisibility
 r - 3 potions of agility {unknown}
 t - 4 potions of curing {unknown}
 u - a potion of ambrosia {unknown}
 z - a potion of brilliance {unknown}
 C - a potion of mutation {unknown}
 F - a potion of heal wounds {unknown}
 K - 2 potions of magic {unknown}
 N - a potion of degeneration {unknown}
 P - 5 potions of flight
Miscellaneous
 x - a fan of gales
Comestibles
 d - 10 rations


   Skills:
 + Level 7.7 Fighting
 + Level 6.1 Short Blades
 + Level 6.1 Long Blades
 + Level 6.1 Axes
 + Level 6.1 Maces & Flails
 + Level 7.7 Polearms
 + Level 6.1 Staves
 + Level 6.1 Slings
 + Level 6.1 Bows
 + Level 6.1 Crossbows
 + Level 6.1 Throwing
 + Level 6.7 Armour
 + Level 7.7 Dodging
 + Level 6.1 Stealth
 + Level 6.1 Shields
 + Level 6.1 Unarmed Combat
 + Level 8.0 Spellcasting
 + Level 5.0 Conjurations
 + Level 5.0 Hexes
 + Level 7.5 Charms
 + Level 5.0 Summonings
 + Level 5.0 Necromancy
 + Level 5.0 Translocations
 + Level 5.0 Transmutations
 + Level 5.0 Fire Magic
 + Level 5.0 Ice Magic
 + Level 5.0 Air Magic
 + Level 5.0 Earth Magic
 + Level 5.0 Poison Magic
 + Level 6.7 Invocations
 + Level 6.1 Evocations


You had 16 spell levels left.
You knew the following spells:

 Your Spells              Type           Power        Failure   Level  Hunger
b - Shroud of Golubria    Chrm/Tloc      ####..       11%         2    None
c - Spectral Weapon       Hex/Chrm       ####....     22%         3    None
d - Regeneration          Chrm/Necr      ####......   22%         3    None
e - Song of Slaying       Chrm           #####...     7%          2    None

Your spell library contained the following spells:

 Spells                   Type           Power        Failure   Level  Hunger
 Infusion                 Chrm           ####         4%          1    None
 Swiftness                Chrm/Air       ####....     11%         2    None
 Animate Skeleton         Necr           N/A          12%         1    None
 Apportation              Tloc           ####..       12%         1    None
 Confusing Touch          Hex            ####..       12%         1    None
 Shock                    Conj/Air       ####         12%         1    None
 Summon Small Mammal      Summ           ####         12%         1    None
 Confuse                  Hex            ####....     34%         3    None
 Gell's Gravitas          Tloc           ####......   34%         3    None
 Static Discharge         Conj/Air       ####....     34%         3    None
 Airstrike                Air            ####......   75%         4    ###....
 Petrify                  Tmut/Erth      ####....     75%         4    ###....
 Lightning Bolt           Conj/Air       ####......   97%         5    #####..
 Metabolic Englaciation   Hex/Ice        ####......   97%         5    #####..
 Yara's Violent Unravell  Hex/Tmut       ####......   97%         5    #####..


Dungeon Overview and Level Annotations

Branches:
Dungeon (10/15)            Temple (1/1) D:4            Lair (1/6) D:9
 Bailey (visited)
    Orc: D:9-12

Altars:
Ashenzari
Fedhas
Gozag
Makhleb
Nemelex Xobeh
Okawaru
Qazlal
Sif Muna
Trog
Uskayaw
Yredelemnul
The Shining One

Shops:
D:5 [:

Annotations:
D:9 3 runed translucent doors, Gargoyl's ghost, novice CeAK; MordorOrchid's ghost, journeyman GnCK


Innate Abilities, Weirdness & Mutations

Your experience applies equally to all skills.
You have very sharp teeth.
Your uncanny sense of smell can sniff out nearby items.


Message History

You resist with almost no effort.
The electric eel shoots out a bolt of lightning at you!
The bolt of electricity hits you!
* * * LOW HITPOINT WARNING * * *
The bolt of electricity hits you.
* * * LOW HITPOINT WARNING * * *
The bolt of electricity hits the electric eel.
The electric eel completely resists.
The basilisk bites you!
* * * LOW HITPOINT WARNING * * *
The basilisk completely misses you.
The electric eel shoots out a bolt of lightning at you!
The bolt of electricity hits you!
* * * LOW HITPOINT WARNING * * *
The bolt of electricity hits you.
* * * LOW HITPOINT WARNING * * *
The bolt of electricity hits the electric eel.
The electric eel completely resists.
The basilisk bites you but does no damage.
The basilisk bites you!
You die...

#######
##≈≈≈≈≈##
##≈≈≈;;≈≈#
##≈≈..P@≈≈#
#≈≈...(l.≈#
#≈≈...##.##
##≈..# ##
#≈P. #≈≈
##≈ #


You could see a basilisk, 2 electric eels and a friendly spectral +2 whip of
venom.

Vanquished Creatures
  A two-headed ogre (D:9)
  3 orc knights (Bailey)
  A troll (D:9)
  A hippogriff (D:9)
  7 yaks (D:9)
  Grum (D:8)
  A hungry ghost (D:8)
  Edmund (D:4)
  7 orc warriors
  A sky beast (D:4)
  An ice beast (D:6)
  2 phantoms
  6 ogres
  6 wolves
  A crocodile (D:8)
  6 bullfrogs
  2 gnoll sergeants
  A water moccasin zombie (D:6)
  3 scorpions
  9 killer bees
  6 jellies
  An electric eel (D:9)
  2 howler monkeys
  5 crimson imps
  A quasit (D:9)
  A bullfrog zombie (D:6)
  8 hounds
  4 bullfrog skeletons
  A centaur skeleton (D:5)
  3 orc priests
  A gnoll shaman (D:7)
  5 orc wizards
  4 iguanas
  Ijyb (D:3)
  7 worker ants
  Robin (D:4)
  25 gnolls
  6 adders
  A howler monkey skeleton (D:7)
  An ooze (D:2)
  2 adder skeletons
  3 worms
  A dart slug (D:2)
  2 leopard geckos
  32 orcs
  A giant cockroach (D:5)
  19 goblins
  9 hobgoblins
  6 jackals
  8 quokkas
  3 bats
  5 frilled lizards
  16 kobolds
  A leopard gecko skeleton (D:4)
  16 rats
269 creatures vanquished.

Vanquished Creatures (others)
  3 spectral weapons
3 creatures vanquished.

Grand Total: 272 creatures vanquished

Notes
Turn   | Place    | Note
-------+----------+-------------------------------------------
     0 | D:1      | MoonlitKnight the Gnoll Skald began the quest for the Orb.
     0 | D:1      | Reached XP level 1. HP: 20/20 MP: 6/6
    93 | D:1      | Reached XP level 2. HP: 7/26 MP: 7/7
   356 | D:1      | Learned a level 2 spell: Shroud of Golubria
   893 | D:2      | Reached skill level 5 in Spellcasting
   893 | D:2      | Reached XP level 3. HP: 18/31 MP: 7/9
  1160 | D:2      | Reached skill level 1 in Invocations
  1362 | D:2      | Found an opulent altar of Gozag.
  1446 | D:2      | Found a sparkling altar of Nemelex Xobeh.
  1506 | D:3      | Reached skill level 1 in Short Blades
  1506 | D:3      | Reached skill level 1 in Long Blades
  1506 | D:3      | Reached skill level 1 in Axes
  1506 | D:3      | Reached skill level 1 in Maces & Flails
  1506 | D:3      | Reached skill level 1 in Staves
  1506 | D:3      | Reached skill level 1 in Slings
  1506 | D:3      | Reached skill level 1 in Bows
  1506 | D:3      | Reached skill level 1 in Crossbows
  1506 | D:3      | Reached skill level 1 in Throwing
  1506 | D:3      | Reached skill level 1 in Stealth
  1506 | D:3      | Reached skill level 1 in Shields
  1506 | D:3      | Reached skill level 1 in Unarmed Combat
  1506 | D:3      | Reached skill level 1 in Evocations
  1506 | D:3      | Reached XP level 4. HP: 38/38 MP: 2/11
  1523 | D:3      | Learned a level 3 spell: Spectral Weapon
  1527 | D:3      | Learned a level 3 spell: Regeneration
  1530 | D:3      | Learned a level 2 spell: Song of Slaying
  1716 | D:3      | Found a shimmering blue altar of Sif Muna.
  1791 | D:3      | Reached skill level 1 in Conjurations
  1791 | D:3      | Reached skill level 1 in Hexes
  1791 | D:3      | Reached skill level 1 in Summonings
  1791 | D:3      | Reached skill level 1 in Necromancy
  1791 | D:3      | Reached skill level 1 in Translocations
  1791 | D:3      | Reached skill level 1 in Transmutations
  1791 | D:3      | Reached skill level 1 in Fire Magic
  1791 | D:3      | Reached skill level 1 in Ice Magic
  1791 | D:3      | Reached skill level 1 in Air Magic
  1791 | D:3      | Reached skill level 1 in Earth Magic
  1791 | D:3      | Reached skill level 1 in Poison Magic
  1959 | D:3      | Noticed Ijyb
  1968 | D:3      | Killed Ijyb
  1968 | D:3      | Reached XP level 5. HP: 25/43 MP: 8/12
  2315 | D:3      | Found a glowing golden altar of the Shining One.
  2459 | D:4      | Noticed Edmund
  2663 | D:4      | Noticed Robin
  2703 | D:4      | Killed Robin
  2825 | D:4      | Found a hide-covered altar of Uskayaw.
  2916 | D:4      | Reached XP level 6. HP: 50/50 MP: 13/13
  2971 | D:4      | Reached skill level 5 in Fighting
  2971 | D:4      | Reached skill level 5 in Polearms
  2971 | D:4      | Reached skill level 5 in Dodging
  3102 | D:4      | Killed Edmund
  3102 | D:4      | Reached XP level 7. HP: 18/56 MP: 13/15
  3369 | D:4      | Found a staircase to the Ecumenical Temple.
  3489 | Temple   | Entered the Ecumenical Temple
  3524 | Temple   | Became a worshipper of Warmaster Okawaru
  4542 | D:5      | Entered Level 5 of the Dungeon
  4627 | D:5      | Reached XP level 8. HP: 61/63 MP: 16/16
  4853 | D:5      | Reached * piety under Okawaru
  5271 | D:5      | Reached skill level 6 in Spellcasting
  5341 | D:5      | Found Efemot's Antique Armour Boutique.
  5392 | D:5      | Found a blossoming altar of Fedhas.
  5402 | D:5      | Found Ryul's Book Emporium.
  5873 | D:6      | Reached ** piety under Okawaru
  5885 | D:6      | Reached XP level 9. HP: 50/69 MP: 18/18
  6619 | D:7      | Reached skill level 5 in Armour
  6922 | D:7      | Found a flagged portal.
  6948 | Bailey   | Entered a bailey
  6955 | Bailey   | Noticed an orc knight
  6969 | Bailey   | Noticed an orc knight
  6994 | Bailey   | Identified the +0 chain mail of the Cicada {rPois SInv}
  7002 | Bailey   | Reached *** piety under Okawaru
  7004 | Bailey   | Noticed an orc knight
  7049 | Bailey   | Killed an orc knight
  7049 | Bailey   | Reached skill level 5 in Invocations
  7097 | Bailey   | Reached XP level 10. HP: 77/77 MP: 20/20
  7232 | Bailey   | Killed an orc knight
  7232 | Bailey   | Reached skill level 7 in Spellcasting
  7300 | Bailey   | Killed an orc knight
  7300 | Bailey   | Reached **** piety under Okawaru
  7300 | Bailey   | Reached skill level 5 in Short Blades
  7300 | Bailey   | Reached skill level 5 in Long Blades
  7300 | Bailey   | Reached skill level 5 in Axes
  7300 | Bailey   | Reached skill level 5 in Maces & Flails
  7300 | Bailey   | Reached skill level 5 in Staves
  7300 | Bailey   | Reached skill level 5 in Slings
  7300 | Bailey   | Reached skill level 5 in Bows
  7300 | Bailey   | Reached skill level 5 in Crossbows
  7300 | Bailey   | Reached skill level 5 in Throwing
  7300 | Bailey   | Reached skill level 5 in Stealth
  7300 | Bailey   | Reached skill level 5 in Shields
  7300 | Bailey   | Reached skill level 5 in Unarmed Combat
  7300 | Bailey   | Reached skill level 5 in Evocations
  7828 | D:7      | Found a bloodstained altar of Trog.
  8623 | D:8      | Noticed Grum
  8661 | D:8      | Killed Grum
  8661 | D:8      | Received a gift from Okawaru
  9431 | D:9      | Noticed a two-headed ogre
  9448 | D:9      | Killed a two-headed ogre
  9448 | D:9      | Reached ***** piety under Okawaru
  9448 | D:9      | Reached XP level 11. HP: 56/84 MP: 22/22
  9723 | D:9      | Found a staircase to the Lair.
  9979 | D:9      | Reached skill level 5 in Conjurations
  9979 | D:9      | Reached skill level 5 in Hexes
  9979 | D:9      | Reached skill level 5 in Summonings
  9979 | D:9      | Reached skill level 5 in Necromancy
  9979 | D:9      | Reached skill level 5 in Translocations
  9979 | D:9      | Reached skill level 5 in Transmutations
  9979 | D:9      | Reached skill level 5 in Fire Magic
  9979 | D:9      | Reached skill level 5 in Ice Magic
  9979 | D:9      | Reached skill level 5 in Air Magic
  9979 | D:9      | Reached skill level 5 in Earth Magic
  9979 | D:9      | Reached skill level 5 in Poison Magic
 10014 | D:9      | Found a runed translucent gate.
 10014 | D:9      | Found a runed translucent gate.
 10014 | D:9      | Found a runed translucent gate.
 10015 | D:9      | Noticed Gargoyl's ghost (novice CeAK)
 10015 | D:9      | Noticed MordorOrchid's ghost (journeyman GnCK)
 10058 | D:9      | Reached skill level 8 in Spellcasting
 10856 | D:10     | Entered Level 10 of the Dungeon
 10884 | Lair:1   | Entered Level 1 of the Lair of Beasts
 10897 | Lair:1   | HP: 4/85 [electric eel/bolt of electricity (2)]
 10898 | Lair:1   | Slain by a basilisk

Levels and vault maps discovered:
D:1:      erik_arrival_orb_chamber, layout_rooms, minmay_distorted
D:2:      layout_basic, grunt_gozag_statues, minmay_misc_feat_more_columns,
          kennysheep_cross_bottleneck, minmay_stone_trees_small,
          nemelex_spade_bored_becter
D:3:      layout_basic, tso_altar, old_standard_altar, first_ration,
          glass_columns_c, uniq_ijyb
D:4:      layout_basic, old_standard_altar, minmay_temple_entry_ruins,
          minmay_pentomino_pile, uniq_edmund, uniq_robin
D:5:      layout_gridville, serial_shops, shop, nicolae_shop_behind_doors,
          fedhas_altar_3
D:6:      layout_loops_cross
D:7:      layout_basic, nicolae_overflow_hidden_temple, lemuel_doored_altar,
          lightli_bailey_entry_fortress
D:8:      layout_basic, uniq_grum
D:9:      layout_loops_ring, erik_lair_island, gammafunk_ghost_cemetery,
          serial_rivers, chequers_serial_rivers_small_b,
          chequers_serial_rivers_micro_e, chequers_serial_rivers_small_3,
          chequers_serial_rivers_small_b, chequers_serial_rivers_room_a
D:10:     layout_rooms, grunt_pizzeria, amethyst_killhole
Temple:   regret_index_temple_sphere_string
Lair:1:   layout_gridlike, ebering_ghost_disaster_area, minivault_24,
          cheibrodos_lair_caveside_slide, serial_bayou_crossing,
          lemuel_fruit_fields, uniq_harold

Skill      XL: |  1  2  3  4  5  6  7  8  9 10 11 |
---------------+----------------------------------+-----
Spellcasting   | 5 6 7 8 |  8.0
Invocations    | 1 2 3 4 5 6 |  6.7
Short Blades   | 1 2 3 4 5 6 |  6.1
Long Blades    | 1 2 3 4 5 6 |  6.1
Axes           | 1 2 3 4 5 6 |  6.1
Maces & Flails | 1 2 3 4 5 6 |  6.1
Staves         | 1 2 3 4 5 6 |  6.1
Slings         | 1 2 3 4 5 6 |  6.1
Bows           | 1 2 3 4 5 6 |  6.1
Crossbows      | 1 2 3 4 5 6 |  6.1
Throwing       | 1 2 3 4 5 6 |  6.1
Stealth        | 1 2 3 4 5 6 |  6.1
Shields        | 1 2 3 4 5 6 |  6.1
Unarmed Combat | 1 2 3 4 5 6 |  6.1
Evocations     | 1 2 3 4 5 6 |  6.1
Conjurations   | 1 2 3 4 5 |  5.0
Hexes          | 1 2 3 4 5 |  5.0
Summonings     | 1 2 3 4 5 |  5.0
Necromancy     | 1 2 3 4 5 |  5.0
Translocations | 1 2 3 4 5 |  5.0
Transmutations | 1 2 3 4 5 |  5.0
Fire Magic     | 1 2 3 4 5 |  5.0
Ice Magic      | 1 2 3 4 5 |  5.0
Air Magic      | 1 2 3 4 5 |  5.0
Earth Magic    | 1 2 3 4 5 |  5.0
Poison Magic   | 1 2 3 4 5 |  5.0
Armour         | 3 4 5 6 |  6.7
Fighting       | 5 6 7 |  7.7
Polearms       | 5 6 7 |  7.7
Dodging        | 5 6 7 |  7.7
Charms         | 6 7 |  7.5

Action                   |  1- 3 |  4- 6 |  7- 9 | 10-12 || total
-------------------------+-------+-------+-------+-------++-------
Melee: Spear             |   142 |   122 |    58 |       ||   322
       Bite              |     9 |    13 |    44 |    38 ||   104
       Whip              |       |       |   282 |   315 ||   597
       Punch             |       |       |     5 |     6 ||    11
 Fire: Hand crossbow     |       |       |    42 |    82 ||   124
Throw: Dart              |       |       |    33 |     5 ||    38
 Cast: Infusion          |     2 |       |       |       ||     2
       Shroud of Golubri |     1 |     1 |     1 |     1 ||     4
       Spectral Weapon   |       |     5 |     6 |     8 ||    19
       Regeneration      |       |       |     1 |     4 ||     5
  Use: Scroll            |       |       |    11 |     1 ||    12
 Stab: Sleeping          |       |       |       |     1 ||     1
  Eat: Chunk             |     2 |     2 |     7 |    10 ||    21
       Ration            |       |     1 |     2 |     1 ||     4
Armor: Leather armour    |     5 |       |       |       ||     5
       Ring mail         |    20 |     4 |       |       ||    24
       Scale mail        |       |    37 |   146 |   141 ||   324
Dodge: Dodged            |    70 |    54 |   216 |   202 ||   542
Block: Shield            |       |       |       |    88 ||    88

Table legend:
 A = Non-vault XP
 B = Vault XP
 C = Vault XP percentage of total XP
 D = Non-vault monster count
 E = Vault monster count
 F = Vault count percentage of total count
                 A         B        C        D         E       F
            +---------+---------+-------+---------+---------+-------
      Total |    8154 |    4456 |  35.3 |     190 |      79 |  29.4
            +---------+---------+-------+---------+---------+-------
        D:1 |      15 |      14 |  48.3 |      11 |      13 |  54.2
        D:2 |      43 |       0 |   0.0 |      12 |       0 |   0.0
        D:3 |      94 |      36 |  27.7 |      13 |       1 |   7.1
        D:4 |     608 |     233 |  27.7 |      26 |      14 |  35.0
        D:5 |     685 |       0 |   0.0 |      21 |       0 |   0.0
        D:6 |    1303 |       0 |   0.0 |      34 |       0 |   0.0
        D:7 |     866 |      97 |  10.1 |      21 |      12 |  36.4
        D:8 |    1200 |     660 |  35.5 |      29 |       5 |  14.7
        D:9 |    3340 |     736 |  18.1 |      23 |       7 |  23.3
     Bailey |       0 |    2680 | 100.0 |       0 |      27 | 100.0
            +---------+---------+-------+---------+---------+-------
